 Dungeon Crawl Stone Soup version 0.18.1-50-g88ac8fd (webtiles) character file.

1197 grisgris the Magician (level 8, -8/41 HPs)
             Began as a Deep Elf Fire Elementalist on Nov 6, 2016.
             Was an Initiate of Vehumet.
             Mangled by a wyvern skeleton (10 damage)
             ... on level 8 of the Dungeon.
             The game lasted 00:18:13 (5974 turns).

grisgris the Magician (Deep Elf Fire Elementalist)  Turns: 5974, Time: 00:18:14

Health: -8/41      AC:  4    Str:  8    XL:     8   Next: 20%
Magic:  10/20      EV: 14    Int: 23    God:    Vehumet [......]
Gold:   205        SH:  0    Dex: 12    Spells: 5 memorised, 5 levels left

rFire  . . .     SeeInvis .     i - +1 short sword
rCold  . . .     Gourm    .     q - +1 robe (curse)
rNeg   . . .     Faith    .     (no shield)
rPois  .         Spirit   .     (no helmet)
rElec  .         Dismiss  .     h - +0 cloak (curse)
rCorr  .         Reflect  .     (no gloves)
SustAt .         Harm     +     (no boots)
MR     .....                    r - amulet of harm
Stlth  ++........               d - -3 ring of dexterity (curse)
                                l - +3 ring of strength

@: lethally poisoned (-8 -> -17), very slightly contaminated, not resistant to
hostile enchantments, unstealthy
A: no striking features
a: Renounce Religion


You were on level 8 of the Dungeon.
You worshipped Vehumet.
Vehumet was noncommittal.
You were not hungry.

You visited 2 branches of the dungeon, and saw 10 of its levels.

You collected 205 gold pieces.

Inventory:

Hand Weapons
 i - a +1 short sword (weapon)
 p - a +2 vampiric dagger
Armour
 a - a +0 robe
 h - a cursed +0 cloak (worn)
 n - a +2 cloak
 q - a cursed +1 robe (worn)
Jewellery
 d - a cursed -3 ring of dexterity (right hand)
 l - a +3 ring of strength (left hand)
 r - an amulet of harm (around neck)
Scrolls
 e - 4 scrolls of identify
 f - a scroll of blinking
 j - a scroll of amnesia
 m - a scroll of fear
 o - a scroll of recharging
 u - a scroll of teleportation
Potions
 g - 2 potions of flight
 k - a potion of cancellation
Books
 b - a book of Flames

   Spells                             Type                      Level
   a - Flame Tongue                   Conjuration/Fire             1
   b - Throw Flame                    Conjuration/Fire             2
   c - Conjure Flame                  Conjuration/Fire             3
   d - Inner Flame                    Hexes/Fire                   3
   e - Sticky Flame                   Conjuration/Fire             4
   f - Fireball                       Conjuration/Fire             5
 s - a book of the Warp

   Spells                             Type                      Level
   a - Recall                         Summoning/Translocation      3
   b - Gell's Gravitas                Hexes/Translocation          3
   c - Force Lance                    Conjuration/Translocation    4
   d - Warp Weapon                    Charms/Translocation         5
   e - Summon Forest                  Summoning/Translocation      5
Comestibles
 c - 2 bread rations


   Skills:
 - Level 5.2 Dodging
 - Level 2.4 Stealth
 * Level 6.8 Spellcasting
 * Level 6.4 Conjurations
 + Level 0.2 Summonings
 + Level 0.4 Translocations
 * Level 6.1 Fire Magic


You had 5 spell levels left.
You knew the following spells:

 Your Spells              Type           Power        Failure   Level  Hunger
a - Flame Tongue          Conj/Fire      #####        1%          1    None
b - Throw Flame           Conj/Fire      #####.       1%          2    None
c - Conjure Flame         Conj/Fire      #####...     1%          3    None
d - Sticky Flame          Conj/Fire      #####...     8%          4    ###....
e - Summon Forest         Summ/Tloc      #.........   99%         5    #####..


Dungeon Overview and Level Annotations

Branches:
Dungeon (9/15)             Temple (1/1) D:5
   Lair: D:8-11         Orc: D:9-12

Altars:
Makhleb
Nemelex Xobeh
Okawaru
Sif Muna
Vehumet
Xom
Yredelemnul
The Shining One

Annotations:
D:8 exclusion: orange crystal statue


Message History

The killer bee closely misses you.
The killer bee burns!
The killer bee barely misses you.
The killer bee burns!
The killer bee stings you.
* * * LOW HITPOINT WARNING * * *
You are poisoned.
The killer bee poisons you!
There is a stone staircase leading up here.
You can't go down here!
* * * LOW HITPOINT WARNING * * *
You feel sick.
The killer bee burns!
The killer bee stings you.
* * * LOW HITPOINT WARNING * * *
You are more poisoned.
The killer bee poisons you! The jackal bites you.
* * * LOW HITPOINT WARNING * * *
The killer bee barely misses you.
You climb upwards.
Level annotation: exclusion: orange crystal statue
* * * LOW HITPOINT WARNING * * *
You feel sick. The wyvern skeleton bites you!
You die...

#.###.# ... #.........# ......##
....#.....# #.........#
._.....##..........####.........#
........##......................#
###......##........####.........#
....... #.......# #.........#
###..#.... #......####5........
..#.###..8 #...h.......########
....# #.. #.@.......# ..### (
#Zy.......# ...... ###.#######
###### #.# ... ...## ....# .....#


You could see a killer bee (burning), a crimson imp, a jackal and a wyvern
skeleton.

Vanquished Creatures
  Sigmund (D:4)
  A hungry ghost (D:8)
  A sky beast (D:6)
  An ice beast (D:8)
  2 giant frogs
  2 scorpions (D:5)
  A killer bee (D:9)
  2 wights (D:8)
  A crimson imp (D:6)
  A quasit (D:5)
  A centaur zombie (D:6)
  A hound (D:8)
  An orc priest (D:3)
  Crazy Yiuf (D:2)
  An orc wizard (D:3)
  An iguana (D:4)
  6 adders
  An ooze (D:1)
  An adder skeleton (D:5)
  A dart slug (D:1)
  A worm (D:3)
  A giant gecko (D:1)
  14 orcs
  2 bats (D:2)
  4 giant cockroaches
  10 goblins
  3 hobgoblins (D:1)
  10 jackals
  7 kobolds
  A ball python (D:3)
  3 giant newts
  A quokka zombie (D:5)
  8 rats
93 creatures vanquished.

Notes
Turn   | Place    | Note
--------------------------------------------------------------
     0 | D:1      | grisgris the Deep Elf Fire Elementalist began the quest for the Orb.
     0 | D:1      | Reached XP level 1. HP: 10/10 MP: 6/6
    60 | D:1      | Reached XP level 2. HP: 11/15 MP: 2/8
   129 | D:1      | Learned a level 2 spell: Throw Flame
   666 | D:1      | Reached XP level 3. HP: 15/19 MP: 3/9
   792 | D:1      | Learned a level 3 spell: Conjure Flame
  1531 | D:2      | Reached XP level 4. HP: 24/24 MP: 6/11
  1668 | D:2      | Learned a level 4 spell: Sticky Flame
  1871 | D:2      | Noticed Crazy Yiuf
  1879 | D:2      | Killed Crazy Yiuf
  2259 | D:3      | Reached XP level 5. HP: 27/28 MP: 3/12
  3095 | D:4      | Noticed Sigmund
  3101 | D:4      | Killed Sigmund
  3101 | D:4      | Reached XP level 6. HP: 17/32 MP: 5/15
  3634 | D:5      | Entered Level 5 of the Dungeon
  3671 | D:5      | Reached skill level 5 in Spellcasting
  4055 | D:5      | Found a staircase to the Ecumenical Temple.
  4064 | Temple   | Entered the Ecumenical Temple
  4136 | Temple   | Became a worshipper of Vehumet
  4167 | D:5      | Reached skill level 5 in Conjurations
  4167 | D:5      | Reached skill level 5 in Fire Magic
  4167 | D:5      | Reached XP level 7. HP: 36/36 MP: 10/17
  5101 | D:8      | Found a burning altar of Makhleb.
  5105 | D:8      | Noticed an orange crystal statue
  5136 | D:8      | Reached skill level 5 in Dodging
  5137 | D:8      | Noticed a hungry ghost
  5169 | D:8      | Killed a hungry ghost
  5475 | D:8      | Reached XP level 8. HP: 40/41 MP: 10/20
  5914 | D:8      | Learned a level 5 spell: Summon Forest
  5954 | D:9      | Noticed a queen bee
  5974 | D:8      | HP: 2/41 [poisoned by a killer bee]
  5974 | D:8      | Mangled by a wyvern skeleton

Skill      XL: |  1  2  3  4  5  6  7  8 |
---------------+-------------------------+-----
Conjurations   | 2 3 4 5 6 |  6.4
Dodging        | 3 4 5 |  5.2
Spellcasting   | 4 5 6 |  6.8
Fire Magic     | 4 5 6 |  6.1
Stealth        | |  2.4
Summonings     | |  0.2
Translocations | |  0.4

Action                   |  1- 3 |  4- 6 |  7- 9 || total
-------------------------+-------+-------+-------++-------
Melee: Dagger            |    12 |       |       ||    12
       Short sword       |     4 |    14 |    86 ||   104
 Cast: Flame Tongue      |    66 |    37 |     2 ||   105
       Throw Flame       |     2 |    13 |    11 ||    26
       Sticky Flame      |       |     7 |    16 ||    23
       Conjure Flame     |       |       |     1 ||     1
  Use: Scroll            |     4 |     9 |     6 ||    19
       Potion            |     2 |     1 |     5 ||     8
 Stab: Sleeping          |     5 |       |     3 ||     8
       Distracted        |       |       |     1 ||     1
  Eat: Chunk             |     2 |     1 |     5 ||     8
       Pizza             |       |     2 |     1 ||     3
       Meat ration       |       |     1 |       ||     1
       Bread ration      |       |       |     2 ||     2
Armor: Robe              |     6 |    13 |    18 ||    37
Dodge: Dodged            |    58 |    27 |    82 ||   167
